 Dungeon Crawl Stone Soup version 0.20.1-1-g8b1a95d (webtiles) character file.

169 Folque the Magician (level 5, -1/34 HPs)
             Began as an Octopode Wizard on Dec 8, 2017.
             Slain by a bullfrog skeleton (4 damage)
             ... on level 4 of the Dungeon.
             The game lasted 00:09:54 (3618 turns).

Folque the Magician (Octopode Wizard)               Turns: 3618, Time: 00:09:55

Health: -1/34      AC:  1    Str:  8    XL:     5   Next: 50%
Magic:  2/10       EV: 13    Int: 21    God:
Gold:   138        SH:  0    Dex: 11    Spells: 3/11 levels left

rFire    . . .     SeeInvis .   e - +0 short sword
rCold    . . .     Gourm    .   (no shield)
rNeg     . . .     Faith    .   a - +0 hat
rPois    .         Spirit   .   (no amulet)
rElec    .         Reflect  .   j - +2 ring of strength
rCorr    .         Harm     .   (no ring)
MR       .....                  (no ring)
Stlth    +++.......             (no ring)
Regen    0.2/turn               (no ring)
MPRegen  0.2/turn               (no ring)
                                (no ring)
                                (no ring)

@: very slightly contaminated
A: almost no armour, stealthy swim, amphibious, 8 rings, constrict 8, camouflage
1, gelatinous body 1
a: no special abilities


You were on level 4 of the Dungeon.
You were not hungry.

You visited 1 branch of the dungeon, and saw 4 of its levels.

You collected 138 gold pieces.

Inventory:

Hand Weapons
 e - a +0 short sword (weapon)
 o - a cursed +0 whip
Missiles
 l - 6 tomahawks of returning (quivered)
Armour
 a - a +0 hat (worn)
Jewellery
 f - an uncursed ring of poison resistance {unknown}
 j - a +2 ring of strength (left tentacle)
Scrolls
 d - a scroll of noise {unknown}
 g - 3 scrolls of identify
 n - 2 scrolls of immolation {unknown}
 p - 2 scrolls of fear {unknown}
 q - a scroll of recharging {unknown}
 s - 2 scrolls of amnesia {unknown}
 t - 2 scrolls of teleportation {unknown}
Potions
 h - a potion of brilliance {unknown}
 i - a potion of curing {unknown}
 k - 3 potions of heal wounds
Books
 b - a book of Minor Magic

   Spells                             Type                      Level
   a - Magic Dart                     Conjuration                  1
   b - Blink                          Translocation                2
   c - Call Imp                       Summoning                    2
   d - Slow                           Hexes                        2
   e - Conjure Flame                  Conjuration/Fire             3
   f - Mephitic Cloud                 Conjuration/Poison/Air       3
Comestibles
 c - 2 bread rations
 m - a meat ration
 r - 7 chunks of flesh


   Skills:
 - Level 2.0 Fighting
 - Level 2.0 Dodging
 * Level 3.3 Stealth
 + Level 3.9 Spellcasting
 * Level 2.0 Conjurations
 - Level 1.0 Summonings
 - Level 1.0 Translocations
 - Level 3.0 Poison Magic


You had 3 spell levels left.
You knew the following spells:

 Your Spells              Type           Power        Failure   Level  Hunger
a - Magic Dart            Conj           ##..         5%          1    None
b - Call Imp              Summ           #.......     12%         2    #......
c - Blink                 Tloc           N/A          12%         2    #......
d - Mephitic Cloud        Conj/Pois/Air  ##......     19%         3    ###....


Dungeon Overview and Level Annotations

Branches:
Dungeon (4/15)
 Temple: D:4-7

Altars:


Innate Abilities, Weirdness & Mutations

You cannot wear most types of armour.
You are very stealthy in the water. (Stealth+)
You are amphibious.
You can wear up to eight rings at the same time.
You can use your tentacles to constrict eight enemies at once.
Your skin changes colour to match your surroundings (Stealth+).
Your rubbery body absorbs attacks. (AC +1, EV +1)


Message History

The magic dart hits the bullfrog skeleton.
The bullfrog skeleton is heavily damaged.
Your crimson imp blinks!
Casting: Magic Dart
Confirm with . or Enter, or press ? or * to list all spells.
You miscast Blink.
You are very lightly contaminated with residual magic.
Strange energies run through your body. The bullfrog skeleton hits you.
* * * LOW HITPOINT WARNING * * *
The orc hits you.
* * * LOW HITPOINT WARNING * * *
Casting: Blink
Confirm with . or Enter, or press ? or * to list all spells.
You blink.
Your crimson imp blinks!
Your crimson imp blinks!
As you read the scroll of identify, it crumbles to dust.
k - 3 potions of heal wounds The bullfrog skeleton hits you.
You die...

#.a# . #..# .#
####..## .
#....?.######
#....$.)..#.#
#......##...#
#..o.).##.###
#......##..####
#.rZ@.o###....#
#......######.####.#
#.......5.###..<...#
#########.....######
###...÷...##.
#..........
#.......###
#...(.÷.# #...>...#


You could see 2 orcs, a quokka, a bullfrog skeleton and a friendly crimson imp.

Vanquished Creatures
  Robin (D:3)
  3 adders
  3 gnolls (D:3)
  3 oozes
  A dart slug (D:2)
  2 leopard geckos (D:1)
  2 orcs
  A ball python (D:3)
  4 giant cockroaches (D:1)
  18 goblins
  9 hobgoblins
  14 jackals
  5 kobolds
  A quokka (D:3)
  6 bats
  4 frilled lizards
  8 rats
85 creatures vanquished.

Notes
Turn   | Place    | Note
-------+----------+-------------------------------------------
     0 | D:1      | Folque the Octopode Wizard began the quest for the Orb.
     0 | D:1      | Reached XP level 1. HP: 11/11 MP: 4/4
   295 | D:1      | Reached skill level 1 in Fighting
   395 | D:1      | Reached XP level 2. HP: 15/18 MP: 3/6
   816 | D:1      | Learned a level 2 spell: Call Imp
   819 | D:1      | Learned a level 2 spell: Blink
  1370 | D:1      | Reached XP level 3. HP: 24/24 MP: 4/7
  1375 | D:1      | Learned a level 3 spell: Mephitic Cloud
  1423 | D:1      | Reached skill level 1 in Poison Magic
  2172 | D:2      | Reached XP level 4. HP: 27/29 MP: 9/9
  2472 | D:3      | Noticed Robin
  2477 | D:3      | Killed Robin
  2845 | D:3      | Reached XP level 5. HP: 31/34 MP: 10/10
  3618 | D:4      | Slain by a bullfrog skeleton

Skill      XL: |  1  2  3  4  5 |
---------------+----------------+-----
Fighting       | 1 2 |  2.0
Poison Magic   | 2 3 |  3.0
Conjurations   | 2 |  2.0
Stealth        | 3 |  3.3
Dodging        | |  2.0
Spellcasting   | |  3.9
Summonings     | |  1.0
Translocations | |  1.0

Action                   |  1- 3 |  4- 6 || total
-------------------------+-------+-------++-------
Melee: Unarmed           |    32 |       ||    32
       Constrict         |    21 |    28 ||    49
       Tentacles         |     9 |    17 ||    26
       Short sword       |    75 |    92 ||   167
 Cast: Magic Dart        |    17 |    12 ||    29
       Mephitic Cloud    |       |     3 ||     3
       Blink             |       |     2 ||     2
       Call Imp          |       |     1 ||     1
  Use: Scroll            |     1 |     3 ||     4
 Stab: Sleeping          |    13 |    13 ||    26
  Eat: Chunk             |     4 |     5 ||     9
Armor: Skin              |     8 |     4 ||    12
Dodge: Dodged            |    70 |    59 ||   129
